 Dungeon Crawl Stone Soup version 0.29.1-2-gbd0b4ee654 (webtiles) character file.

Game seed: 7407201347999744551

7 MisterFreud the Ducker (level 1, 0/10 HPs)
             Began as a Felid Berserker on Oct 24, 2022.
             Was a Follower of Trog.
             Slain by a kobold
             ... wielding a +0 club
              (4 damage)
             ... on level 1 of the Dungeon.
             The game lasted 00:00:18 (179 turns).

MisterFreud the Ducker (Felid Berserker)             Turns: 179, Time: 00:00:19

Health: 0/10       AC:  1    Str: 13    XL:     1   Next: 83%
Magic:  2/2        EV: 18    Int:  8    God:    Trog [*.....]
Gold:   0          SH:  0    Dex: 15    Spells: 0/0 levels left
                                        Lives:  0   Deaths: 0

rFire   . . .      SeeInvis +     - Unarmed
rCold   . . .      Faith    .   (shield unavailable)
rNeg    . . .      Spirit   .   (body armour unavailable)
rPois   .          Reflect  .   (helmet unavailable)
rElec   .          Harm     .   (cloak unavailable)
rCorr   .          Rampage  .   (gloves unavailable)
Will    .....                   (boots unavailable)
Stlth   ++........              (no amulet)
HPRegen 0.03/turn               (no ring)
MPRegen 0.08/turn               (no ring)

@: quick
A: very small, claws 1, fangs 3, see invisible, speed 1, shaggy fur 1, stealthy
paws, no weapons or thrown items, no armour, multi-lived
a: Renounce Religion, Berserk


You were on level 1 of the Dungeon.
You worshipped Trog.
Trog was aware of your devotion.
You visited 1 branch of the dungeon, and saw 1 of its levels.

Inventory:

Potions
 a - a potion of brilliance {unknown}


   Skills:
 - Level 3.0 Fighting
 - Level 4.0 Dodging
 + Level 1.5 Stealth
 + Level 3.2 Unarmed Combat


You couldn't memorise any spells.
You didn't know any spells.
Your spell library was empty.

Dungeon Overview and Level Annotations

Branches:
Dungeon (1/15)

Altars:


Innate Abilities, Weirdness & Mutations

You have sharp claws.
You have razor-sharp teeth.
You have supernaturally acute eyesight. (SInv)
You cover ground quickly. (Speed+)
You are covered in fur. (AC +1)
Your paws help you pounce on unaware monsters.
You are incapable of wielding weapons or throwing items.
You cannot wear armour.
You gain extra lives every three experience levels.


Message History

A bat is nearby!
You miss the bat. The bat barely misses you.
A bat is nearby!
A frilled lizard comes into view.
The frilled lizard hisses angrily.
You hear a shout!
The bat hits you.
There are monsters nearby!
You closely miss the bat. The bat misses you.
A hobgoblin comes into view.
You scratch the bat but do no damage. The bat closely misses you.
A kobold comes into view. It is wielding a +0 club.
There are monsters nearby!
Found a stone staircase leading down.
The bat closely misses you.
The frilled lizard unfolds its giant frill.
There are monsters nearby!
The bat closely misses you.
There are monsters nearby!
You claw the bat!
You kill the bat!
Trog accepts your kill. The frilled lizard bites you.
You closely miss the frilled lizard. The frilled lizard bites you.
You are too injured to fight recklessly!
There are monsters nearby!
You are too injured to fight recklessly!
There are monsters nearby!
You are too injured to fight recklessly!
You scratch the frilled lizard.
You kill the frilled lizard!
Trog accepts your kill.
A kobold comes into view. It is wielding a +0 club.
The hobgoblin closely misses you.
You see here a frilled lizard corpse.
You scratch the hobgoblin.
You kill the hobgoblin!
Trog accepts your kill.
You scratch the kobold.
The kobold is moderately wounded.
The kobold hits you with a +0 club.
You die...

#....... #.....#
#.....# ######
#...# #....# #...#
#....####...#
######......)...†#
...........####..#
...........# #.@#
..........## #.K#
(.........# #..#
..........# #...
...###....# #.##.
#### ###### #.
########### ..
#.........# ##
#...⌠.⌠...#


You could see a kobold.

Vanquished Creatures
  A hobgoblin (D:1)
  3 bats (D:1)
  3 frilled lizards (D:1)
7 creatures vanquished.

Notes
Turn   | Place    | Note
-------+----------+-------------------------------------------
     0 | D:1      | MisterFreud the Felid Berserker began the quest for the
                  | Orb.
     0 | D:1      | Reached XP level 1. HP: 10/10 MP: 2/2
     1 | D:1      | Noticed an electric eel
    48 | D:1      | Reached skill level 1 in Stealth
   179 | D:1      | Slain by a kobold

Illustrated notes

Levels and vault maps discovered:
D:1:      arrival_aquarium_a, layout_basic, serial_shops, shop,
          nicolae_shop_bloodbath_and_beyond, nicolae_shop_crystal,
          minmay_hexomino_f4

Skill      XL: |  1 |
---------------+----+-----
Stealth        | 1 |  1.5
Fighting       | |  3.0
Dodging        | |  4.0
Unarmed Combat | |  3.2

Action                   || total
-------------------------++-------
Melee: Unarmed           ||    18
Armor: Skin              ||     1
Dodge: Dodged            ||    21
